Workbook
Name Cocoa: 'Crop List'!$C$3
Name Coffee: 'Crop List'!$C$4:$C$5
Name Farm: 'Hidden Lists'!$P$3:$P$4
Name Flower: 'Crop List'!$C$6:$C$13
Name Fruit: 'Crop List'!$C$14:$C$135
Name Herbs: 'Crop List'!$C$136:$C$308
Name Name_CB: '[1]Drop Down Lists'!$C$3:$C$46
Name Nuts: 'Crop List'!$C$309:$C$315
Name PalmOil: 'Crop List'!#REF!
Name SupplyChain: 'Hidden Lists'!$P$6:$P$7
Name Tea: 'Crop List'!$C$316
Name Vegetable: 'Crop List'!$C$317:$C$368

Sheet Coverpage
A1: Official Template
A2: Certification Application Form (CAF) - Supply Chain Certification
A3: Version | B3: =L14 -> 2.1
F4: Translation Disclaimer
F5: For any question related to the precise meaning of the information contained in the translation, please refer to the official English version for clarification. Any discrepancies or differences in meaning due to translation are not binding and have no effect for auditing or certification purposes.
F9: More information?
F10: For more information about the Rainforest Alliance, visit www.rainforest-alliance.org or contact info@ra.org
F13: Document Name: | J13: Document Code: | L13: Version:
F14: =A2 -> Certification Application Form (CAF) - Supply Chain Certification | J14: SA-F-GA-5-V2.1 | L14: 2.1
F15: Date of first publication: | H15: Date of revision: | J15: Valid From: | L15: Expires by:
F16: 44354 | H16: 45139 | J16: 45170 | L16: Until further notice
F17: Developed by: | J17: Approved by:
F18: Rainforest Alliance Department Standards and Assurance | J18: Senior Director, Standards and Assurance
F19: Linked to:
F20: SA-S-SD-2-V1.3 Rainforest Alliance 2020 Sustainable Agriculture Standard, Supply Chain requirements SA-R-GA-1-V1.3 Rainforest Alliance 2020 Certification and Auditing Rules
F22: Replaces:
F23: N/A
F24: Applicable to:
F25: Supply Chain Certificate Holders and Certification Bodies
F26: Country/Region:
F27: All
F28: Crop: | J28: Type of Certification:
A29: © 2022 Rainforest Alliance. All rights reserved. | F29: All crops in the scope of the Rainforest Alliance certification system; please see Certification Rules. | J29: Individual and Multisite certification options.
A31: =J14 -> SA-F-GA-5-V2.1
F32: Any use of this content including reproduction, modification, distribution or republication, without the prior written consent of Rainforest Alliance is strictly prohibited.

Sheet Guidance
A1: Guidance
A2: How to use this template | F2: The Certification Application Form (CAF) is an official template provided by Rainforest Alliance to increase the level of consistency, credibility and transparency of all certification processes. This template is mandatory for all CHs and CBs and it is based on all related and binding requirements of the Certification and Auditing Rules. All information the applicable tabs is mandatory, if applicable to a given country/scope. All tabs in this document are mandatory, and Rainforest Alliance also provides a series of guidance templates to be used at the discretion of CBs, where they need reference to complement and/or structure their internal RA processes.
F5: Supply Chain Certificate Holders should only fill in the required information in the red tab (1.Application Form). Once this tab is filled out, they can either send it to a Certification Body they already work with or use it to request quotations from other Certification Bodies, without duplicating efforts to collect and provide information. | M5: Step 1:Fill in the Application Form
F7: Certification Bodies receive this document from a Certificate Holder (also applicants) and conduct the audit planning and execution activities in the same file. This helps to centralize information for Quality Reviewers and the Rainforest Alliance. The green tabs (2, 2a and 2b) are related to the planning stage of the audit while the one in blue (3) is related to the reporting stage of the audit. Please know that the audit findings checklist is provided directly in the Rainforest Alliance Certification Platform. | M7: Step 1: Prepare your planning stage on tabs 2, 2a and 2b
M8: Step 2: Report audit summary information in tab 3.

Sheet 1.Application Form
A1: Certification Rules Clause 1.4.25 | K1: =CONCATENATE('Hidden Lists'!C21," ",'Hidden Lists'!C22) -> Version 2.1 July 2023
A2: Certification Application Form (CAF)
A3: For Supply Chain Certificate Holders & Applicants Single site and multi-site certification
A4: Sustainable Agriculture Standard 2020
A5: The following form is an extract of key information provided by the Applicant/Certificate Holder, during the registration process on the Rainforest Alliance Certification Platform. It summarizes critical information to determine audit scope, planning, duration and reporting. By agreeing to the Terms & Conditions the Certificate Holder confirms the data entered in the form is accurate and acknowledges that discrepancies in data identified in the audit may lead to potential increase of samples and audit duration, and/or scope. Please go through all white cells and insert the corresponding value applicable to each one of them. In case a value is not applicable or it is a null value, please indicate it as a 0 (zero) before sending your application to your Certification Body as this indicates you have reviewed data. Cells indicated with underlined text have guidance texts, please click over to see the related guidance. The Certification Body is responsible for matching the below information with the Certificate issued and with the Rainforest Alliance Certification Platform once per year.
A7: A. General Information
A8: If you want to apply for Rainforest Alliance certification, please start providing the general information about your operation and relevant contact people.
A9: Legal Name of the Organization | G9: National Organization ID:
A10: Trade/Commercial Name: | G10: Name in Certificate:
A11: Parent Organization (if applicable): | G11: Parent Org. National ID: (if applicable)
A13: Visiting Address: | F13: City: | H13: State/Province:
F14: Zip/Post Code: | H14: Country:
A16: Billing Address: | F16: City: | H16: State/Province:
F17: Zip/Post Code: | H17: Country:
A19: Owner or Legal Representative Signing Legal Agreements | G19: Certification Implementer
A20: First Name: | C20: Last Name: | G20: First Name: | I20: Last Name:
A21: National ID: | G21: National ID:
A22: Phone: | C22: Mobile: | G22: Phone: | I22: Mobile:
A23: Job Title: | C23: Email: | G23: Job Title: | I23: Email:
A25: Traceability Platform Responsible | G25: Billing Contact
A26: First Name: | C26: Last Name: | G26: First Name: | I26: Last Name:
A27: National ID: | G27: National ID:
A28: Phone: | C28: Mobile: | G28: Phone: | I28: Mobile:
A29: Job Title: | C29: Email: | G29: Job Title: | I29: Email:
A32: B. Certification Scope Information
A33: Please insert below the information related to the scope of your certification, including the crops you wish to certify. Please bear in mind that the delivery date of the main crop will determine the window where the audit will happen. Please note that all dates here should be inserted in the format Day-Month-Year (dd/mm/yy).
A35: Application Date: | C35: Year in Cycle
A36: Unique ID: | C36: Audit Type: | H36: Category | I36: Crop Name | J36: Traceability Level
A37: Scope | B37: SupplyChain | C37: Option | G37: Main Crop
A38: =IFERROR(VLOOKUP(D37,'Hidden Lists'!P3:Q7,2,FALSE)," ") | G38: 2nd Crop
G39: 3rd Crop
G40: 4th Crop
A41: Highest Verification Level | D41: Sites to be audited
A42: Are social requirements applicable to your scope? | I42: Number
G43: Total admin workers at CH level
A44: Previous UTZ ID/RA Certificate Code (in case of transition audit only): Fill as many as needed, one per cell
G47: Date of first purchase of Certified Product
A49: Please list here other certification schemes you may have. Please indicate one per cell | G49: Your audit should take place between:
G50: =IF(I47="","",I47-90) | H50: =IF(G50="","",I47+90)
A53: C. Site Identification
A54: Indicate below the required information per site that you wish to include in the certification scope. Bear in mind that all sites also need to be included in the RACP/Certification Scope to be shown in the Certificate.
A55: Site Name | B55: Site Type | C55: Site National ID | D55: City/State | E55: Verification Level of the site (From A to E) | F55: Traceability Level of the site
A86: =SUBTOTAL(103,FarmIDApp[Site Name]) -> 0
A88: Grievance Mechanism Committee/Person
A89: Gender Committee/Person
A92: D. Details on Workforce Composition
A93: =IF(C42='Hidden Lists'!F3,'Hidden Lists'!U9,'Hidden Lists'!U10) -> Please do not fill in this section as social requirements of the chapter 5 are not applicable to you (cell C42).
A94: Site Name | B94: Permanent Male Workers | C94: Permanent Female Workers | D94: Temporary Male Workers | E94: Temporary Female Workers | F94: Migrant Male Workers | G94: Migrant Female Workers | H94: Workers <18 years | I94: Unionized Workers | J94: Name of the Unions | K94: # Houses provided to workers | L94: Workers living on the site
A95: =A56 -> 0
A96: =A57 -> 0
A97: =A58 -> 0
A98: =A59 -> 0
A99: =A60 -> 0
A100: =A61 -> 0
A101: =A62 -> 0
A102: =A63 -> 0
A103: =A64 -> 0
A104: =A65 -> 0
A105: =A66 -> 0
A106: =A67 -> 0
... A124: =A85 -> 0
B125: =SUBTOTAL(109,FarmIDWorkers[Permanent Male Workers]) -> 0 | C125: =SUBTOTAL(109,FarmIDWorkers[Permanent Female Workers]) -> 0 | D125: =SUBTOTAL(109,FarmIDWorkers[Temporary Male Workers]) -> 0 | E125: =SUBTOTAL(109,FarmIDWorkers[Temporary Female Workers]) -> 0 | F125: =SUBTOTAL(109,FarmIDWorkers[Migrant Male Workers]) -> 0 | G125: =SUBTOTAL(109,FarmIDWorkers[Migrant Female Workers]) -> 0 | H125: =SUBTOTAL(109,FarmIDWorkers[Workers <18 years]) -> 0 | I125: =SUBTOTAL(109,FarmIDWorkers[Unionized Workers]) -> 0 | K125: =SUBTOTAL(109,FarmIDWorkers['# Houses provided to workers]) -> 0 | L125: =SUBTOTAL(109,FarmIDWorkers[Workers living on the site]) -> 0
A127: Indicate how many shifts and their start and end time your organization operates
A129: E. Details on Composition of Committees
A130: =IF(C42='Hidden Lists'!F3,'Hidden Lists'!U12,'Hidden Lists'!U10) -> Please do not fill in this section as social requirements of the chapter 5 are not applicable to you (cell C42).
A131: Active labor union details
A132: Assess and Address Committee/Person
A134: F. Summary of Information
A135: This section is not meant to be filled out, it is just a summary of key data provided above. Confirm below the key information of your certification application. If the data is not correct, please review input data.
B137: Date of Scope confirmation in RACP | G137: Documents to be submitted to the CB through application.
B138: Central Processing Site | D138: =A56 -> 0 | G138: Document | I138: Where | J138: Standard Requirement | K138: Check
B139: Total Sites | D139: =FarmIDApp[[#Totals],[Site Name]] -> 0 | G139: a. Confirmed Scope information | I139: RACP and in CAF | J139: N/A
G140: b. Verification Level Results | I140: RACP and mail | J140: N/A
A141: Social Aspects | B141: Total Permanent Workers | D141: =FarmIDWorkers[[#Totals],[Permanent Male Workers]]+FarmIDWorkers[[#Totals],[Permanent Female Workers]] -> 0 | G141: c. Self-assessment | I141: RACP and mail | J141: 1.4.2
B142: Total Temporary Workers | D142: =FarmIDWorkers[[#Totals],[Temporary Male Workers]]+FarmIDWorkers[[#Totals],[Temporary Female Workers]] -> 0 | E142: =SUM(D141:D143)+D143 -> 0 | G142: d. Checklist of applicable requirements | I142: Mail | J142: N/A
B143: Total Migrant Workers | D143: =FarmIDWorkers[[#Totals],[Migrant Male Workers]]+FarmIDWorkers[[#Totals],[Migrant Female Workers]] -> 0 | G143: e. Latest audit report and transaction records | I143: If available, via mail | J143: N/A
B144: Ratio m/f Permanent Workers | D144: =IFERROR(FarmIDWorkers[[#Totals],[Permanent Male Workers]]/FarmIDWorkers[[#Totals],[Permanent Female Workers]],0) -> 0
B145: Ratio m/f Temporary Workers | D145: =IFERROR(FarmIDWorkers[[#Totals],[Temporary Male Workers]]/FarmIDWorkers[[#Totals],[Temporary Female Workers]],0) -> 0 | G145: All other documents may be presented during the audit for verification.
B146: Children working/living | D146: =FarmIDWorkers[[#Totals],[Workers <18 years]] -> 0 | I146: =IFERROR(VLOOKUP(G146,'Hidden Lists'!#REF!,4,FALSE),"") | J146: =IFERROR(VLOOKUP(G146,'Hidden Lists'!#REF!,5,FALSE),"")
B147: Housed workers per house provided | D147: =IFERROR(L125/K125,0) -> 0 | I147: =IFERROR(VLOOKUP(G147,'Hidden Lists'!#REF!,4,FALSE),"") | J147: =IFERROR(VLOOKUP(G147,'Hidden Lists'!#REF!,5,FALSE),"")
I148: =IFERROR(VLOOKUP(G148,'Hidden Lists'!#REF!,4,FALSE),"") | J148: =IFERROR(VLOOKUP(G148,'Hidden Lists'!#REF!,5,FALSE),"")
A149: General Comments and Observations
A151: H. Confirmation
A152: The Certificate Holder declares hat the information is reliable and complete and that it knows and will comply with the Standard. This document does not replace the Certification Agreement/contract between CB and CH, and the section below is intended to highlight the key clauses of the RA program for Registration/Preparation stage. The document should be signed by the legal responsible of the Certificate Holder and digital signatures are accepted.
A153: H1. THE CERTIFICATE HOLDER attests that the information provided in this application is accurate and complete, to the best of its knowledge. H2. THE CERTIFICATE HOLDER authorizes the data contained in this application to be communicated by Rainforest Alliance, if the certification is granted. H3. THE CERTIFICATE HOLDER has read and understood the current version of the binding documents of Rainforest Alliance certification program applicable scopes. H4. THE CERTIFICATE HOLDER has read and understood, and THE CERTIFICATE HOLDER am committed to comply with the certification requirements. H5. THE CERTIFICATE HOLDER commits to inform any changes to the provided information to THE CERTIFICATION BODY in order to correct issued quotations or contracts. H6. THE CERTIFICATE HOLDER commits to pay any applicable fees regarding Rainforest Alliance Certification established by the CERTIFICATION BODY and/or RAINFOREST ALLIANCE. H7. THE CERTIFICATE HOLDER acknowledges, without limitation, the decision of THE CERTIFICATION BODY regarding processing of this application. H8. THE CERTIFICATE HOLDER declares not having legal lawsuits whose matter are topics covered by the Sustainable Agriculture Standard. If THE CERTIFICATE HOLDER has such lawsuits opened, THE CERTIFICATE HOLDER agrees in declaring information on such lawsuits to THE CERTIFICATION BODY as part of this application in line with this form.
D158: ______________________________________
D159: Certificate Holder
D160: =CONCATENATE(B20," ",D20)
E161: Application Date: | F161: =B35 -> 0
A163: I. For CB Use Only
A164: Indicate the status of the application (approved/rejected), the date of the approval (if approved) and date of signature of the Contract Agreement. The document should be signed by the legal responsible of the Certificate Holder and digital signatures are accepted.
E165: Is the information provided sufficient to accept the application?
E166: Does the CB have the capacity to carry out the certification services?
D167: Status
D168: CB Application approval Date:
E169: Contract signature Date:

Sheet 2.Audit Plan
E1: ='1.Application Form'!K1 -> Version 2.1 July 2023
A2: Audit Plan
A3: ='1.Application Form'!A3:K3 -> For Supply Chain Certificate Holders & Applicants Single site and multi-site certification
A4: ='1.Application Form'!A4:K4 -> Sustainable Agriculture Standard 2020
A6: A. Identification of the CH and Contact Person
A7: Please see below quick-access information about the Certificate Holder to be audited.
A8: Name of the Certificate Holder (as in certificate): | C8: ='1.Application Form'!H10 -> 0
A9: Legal name of the Certificate Holder: | C9: ='1.Application Form'!C9 -> 0
A11: Address of the operation: | B11: ='1.Application Form'!C13 -> 0
A12: State/Province: | B12: ='1.Application Form'!I13 -> 0 | C12: City: | D12: ='1.Application Form'!G13 -> 0
A13: Country: | B13: ='1.Application Form'!I14 -> 0
A15: Contact Person Name: | B15: =_xlfn.CONCAT('1.Application Form'!H20," ",'1.Application Form'!J20:K20)
A16: Telephone: | B16: ='1.Application Form'!H22 -> 0 | C16: Email: | D16: ='1.Application Form'!J23 -> 0
A18: Date this application was shared with the Lead Auditor
A20: B. Audit Scope Identification
A21: Indicate below the requested information as to the scope of the audit. As per Certification Rules clauses 1.1.9 and 1.1.10, The scope of the applicable standard requirements from chapters 1 shall cover all operations and sites of all entities (sites, subcontractors etc.) included in the certification scope of the CH; also for chapters 5 and 6 but only if their are within the scope of activities of the CH. The scope of the applicable standard requirements from chapters 2 and 3 shall focus on the crop and activities related to the crop to be sold with a Rainforest Alliance certified claim.
A23: Date of the audit plan | D23: Standard Version:
A24: Audit Scope: | B24: ='1.Application Form'!B37 -> SupplyChain | D24: Applicable Requirements
A25: Audit Type: | D25: ='Hidden Lists'!C3 -> Core Requirements
A27: Crops: | D27: Audit method to be used
A28: ='1.Application Form'!H37 -> 0 | D28: Is this a combined audit?
A29: ='1.Application Form'!I38 -> 0 | D29: With which schemes?
A30: ='1.Application Form'!I39 -> 0
A31: ='1.Application Form'!I40 -> 0
A33: Audit Objectives
A35: C. Audit Team Identification
A36: Please indicate below the composition of the audit team. Bear in mind the Auditing Rules as to audit team composition to determine the audit team. Please make sure that all audit team staff is also registered correctly in the RACP, as applicable.
A37: Name: | D37: Role:
A38: Gender | D38: =IFERROR(VLOOKUP(E37,'Hidden Lists'!$P$11:$Q$17,2,FALSE)," ")
A39: Contact Info:
A41: Name: | D41: Role:
A42: Gender | D42: =IFERROR(VLOOKUP(E41,'Hidden Lists'!$P$11:$Q$17,2,FALSE)," ")
A43: Contact Info:
A45: Name: | D45: Role:
A46: Gender | D46: =IFERROR(VLOOKUP(E45,'Hidden Lists'!$P$11:$Q$17,2,FALSE)," ")
A47: Contact Info:
A49: Name: | D49: Role:
A50: Gender | D50: =IFERROR(VLOOKUP(E49,'Hidden Lists'!$P$11:$Q$17,2,FALSE)," ")
A51: Contact Info:
A53: Name: | D53: Role:
A54: Gender | D54: =IFERROR(VLOOKUP(E53,'Hidden Lists'!$P$11:$Q$17,2,FALSE)," ")
A55: Contact Info:
A57: Name: | D57: Role:
A58: Gender | D58: =IFERROR(VLOOKUP(E57,'Hidden Lists'!$P$11:$Q$17,2,FALSE)," ")
A59: Contact Info:
A61: D. Audit Planning
A62: Indicate below details of the audit carried out: Activities such as open and closing meeting, site verification, facility tour, processing sites verification, interviews, documentation check including of which section of the Standard, on site visiting of workers' facilities, infrastructure evaluation, stakeholder meetings, visit to subcontractors, traceability check, the responsible and resources needed to carried this out. Please know that all dates here should be inserted in the format Day-Month-Year (dd/mm/yy).
A64: CB Agreement Signature: | B64: ='1.Application Form'!F169 -> 0 | C64: As per clause 1.1.18 of Certification Rules, CH compliance should be checked as of this date.
A66: 1st proposed Audit Start Date
A67: 1st proposed Audit End Date | D67: Projected Duration (in aud/day): | E67: =IF('2b.Duration'!H8<1,1,'2b.Duration'!H8) -> 1
A69: Confirmed Audit Start Date | D69: =IF(B70=0,"",IF(Factors!Q15<Factors!Q16,'Hidden Lists'!S3," "))
A70: Confirmed Audit End Date
A71: Nº of Auditors | B71: =(COUNTIFS(E37:E59,'Hidden Lists'!P11))+(COUNTIFS(E37:E59,'Hidden Lists'!P12)+(COUNTIFS(E37:E59,'Hidden Lists'!P13))) -> 0
A72: Working Language CH Management
A73: Working Language Workers
A75: Sampling Description
A76: Min Nº of Sites | B76: ='1.Application Form'!E41 -> 0 | C76: This is the number of sites/subcontractors to be included in the audit. The lead auditor should decide which farm/sites to be visited, based on the Auditing Rules
A78: Min Nº of Workers for Interview | B78: =IFERROR(VLOOKUP(C78,Factors!P3:U11,2,TRUE),0) -> 0 | C78: =SUM('1.Application Form'!D141:D142) -> 0
A80: Permanent | B80: =IFERROR(CONCATENATE(Factors!T42," ",'Hidden Lists'!$S$6," ",Factors!U42," ",'Hidden Lists'!G20," ",'Hidden Lists'!$S$7," ",Factors!V42," ",'Hidden Lists'!G21)," ")
A81: Temporary | B81: =IFERROR(CONCATENATE(Factors!T43," ",'Hidden Lists'!$S$6," ",Factors!U43," ",'Hidden Lists'!G20," ",'Hidden Lists'!$S$7," ",Factors!V43," ",'Hidden Lists'!G21)," ")
A82: Admin workers to be interviewed | B82: =ROUNDUP(SQRT('1.Application Form'!I43),0) -> 0
A83: # of workers whose files need to be checked | B83: =IFERROR(VLOOKUP(C78,Factors!P3:U11,6,TRUE),0) -> 0
A84: Migrant (Auditor Discretion) | C84: ='Hidden Lists'!Q18 -> Unionized and Migrant workers are not exclusive categories, meaning that temporary and permanent workers can be migrant and unionized as well. The indication of these field is limited to the fact that the lead auditor needs to make sure that part of the sampled workers in the temporary/permanent categories also cover the number of unionized/migrant workers indicated here.
A85: Unionized (Auditor Discretion)
A86: The minimum number of interviews and Sites to be visited is based on the information provided by the CH. The lead auditor may decide to extend them to gather more evidence or assess risks.
A88: Audit Agenda
A89: Date | B89: Time (Start time - End Time) | C89: Responsible (in charge of execution) | D89: Activity (Describe the details of the auditing activities to be done separated by Chapter, type of verification and responsible) | E89: Remarks
A137: Document List to be made available by the CH to the Audit team:
A138: E.g. Management system, workers records, geodata, factory records, traceability, purchase/sales procedures and purchase/sales records , IMS, approvals and sanctions. The audit team should specify as much as possible the documents below, bearing CB and CH in mind that the audit is not limited to the below listed documents.
A141: List of people/professionals to be present during the audit.
A142: E.g. management representative; HR/payroll staff; management of processing facilities; Occupational Health and Safety Committee representative, if applicable; workers representatives including representative(s) of trade union(s), if applicable; assess-and-address committee representative; gender committee representative; grievance committee representative; any other committees.
A145: General observations and comments.
A148: E. Logistics
A149: Please indicate below which are the topics that the CH will afford/pay from his/her end.
A150: Meals
A151: Accommodation
A152: Ground Transportation
A153: Flight Tickets
A155: F. Confirmation
... A157: F1. THE CERTIFICATE HOLDER acknowledges that the CERTIFICATION BODY may subcontract auditors to carry out the service requested. F2. THE CERTIFICATE HOLDER will provide all necessary information to auditors to evaluate the farm and all facilities and activities within the certificate scope. F3. THE CERTIFICATE HOLDER will keep a record of all claims presented to my organization in relation to product compliance with the relevant standards and will make these records available to the CERTIFICATION BODY. THE CERTIFICATE HOLDER shall take adequate actions in regard to such claims as well as to any deficiency of products or services which may affect compliance with certification requirements. THE CERTIFICATE HOLDER shall document actions taken. F4. THE CERTIFICATE HOLDER will make certification claims only in relation to the certification scope. F5. THE CERTIFICATE HOLDER shall not employ the certified product in a way that may affect the image of the CERTIFICATION BODY and will not include any declaration of certified product which may be considered as erroneous or unauthorized by the CERTIFICATION BODY. F6. Upon suspension or cancellation of certification, THE CERTIFICATE HOLDER will discontinue use of all public affairs that contain any reference to certification, and return all certification documents that the CERTIFICATION BODY may request. F7. THE CERTIFICATE HOLDER will use certification only to indicate that certified products are in conformity with specific standards. F8. THE CERTIFICATE HOLDER will make an effort to guarantee that neither the certificate nor the report, nor any parts of these, are employed in a misleading manner. F9. THE CERTIFICATE HOLDER will comply with the CERTIFICATION BODY’S requirements when mentioning product certification in media such as documents, brochures or publicity. F10. The CERTIFICATION BODY attests that all its auditors, reviewers, support staff, managers and other related personnel are free of conflict of interest of any financial, commercial, relation or procedural nature and are committed to non-bribery policies established by the CB and the Rainforest Alliance.
B161: ______________________________________ | D161: ______________________________________
B162: Certification Body | D162: Certificate Holder
B163: Name of the Representative | D163: ='1.Application Form'!C9 -> 0

Sheet 2a.Risk Assessment
F1: ='2.Audit Plan'!E1 -> Version 2.1 July 2023
A2: Audit Risk Assessment
A3: ='1.Application Form'!A3:K3 -> For Supply Chain Certificate Holders & Applicants Single site and multi-site certification
A4: ='1.Application Form'!A4:K4 -> Sustainable Agriculture Standard 2020
A6: C. Lawsuit investigation (mandatory if applicable for a sector and/or country)
A7: Clause 2.3.19.u, in Annex AR4 of the Auditing Rules requires CBs to conduct a preliminary investigation on lawsuits open against the Certificate Holder and/or its legal representative on topics related to the social chapter of the Sustainable Agriculture Standard. It is recommended that for countries where deforestation is considered as high risk, the CB should extend this investigation to environmental topics whenever possible. The CB can do this research in the public court systems and/or by obtaining self-declarations from the Certificate Holder. Both should be listed below. The CB acknowledges that the investigation was properly conducted and keeps evidence of such consultations in its QMS.
A8: Certificate Holder | B8: ='2.Audit Plan'!C8 -> 0
A10: Location (Forum) | B10: Nº of Lawsuit/Resolution | C10: Status | D10: Topic of the Lawsuit | E10: Severity | F10: Date of opening

Sheet 2b.Duration
G1: ='1.Application Form'!K1 -> Version 2.1 July 2023
A2: Audit Duration Calculation
A3: ='1.Application Form'!A3:K3 -> For Supply Chain Certificate Holders & Applicants Single site and multi-site certification
A4: ='1.Application Form'!A4:K4 -> Sustainable Agriculture Standard 2020
A5: The calculation below is in line with the Auditing and Certification Rules of the Rainforest Alliance, and therefore mandatory. This calculation is delivered in auditor/days considering a working day of eight hours. Also, it is important to notice that to keep the quality of the audit and the auditor job at the highest levels, auditors are only allowed to work eight hours per audit day including traveling time, as established in clauses 2.1.4 and 2.1.5 of the Auditing Rules. Aud/d is referring to days of an auditor, which is commonly how audit interventions are dimensioned. The CB should only fill in the Factor 9, and indicate traveling time and extra time (if any). All other values are calculated automatically. Please only fill in this sheet after assigning the audit team and finalizing the risk analysis, otherwise the figures will not work properly.
C7: Value (aud/d) | G7: =(C11)*((SUM(C8:C10)*C14)+C13) -> 0
A8: Factor 3 | B8: Management System | C8: 0.25 | D8: As per clause 2.5.8. | F8: Minimum Audit Duration (aud/d) | G8: =CEILING(G7,0.25) -> 0 | H8: =IFERROR(CEILING(G8/'2.Audit Plan'!B71,0.5),1) -> 1
A9: Factor 4 | B9: Sites | C9: ='2.Audit Plan'!B76*0.25 -> 0 | D9: Each facility is factored as 0.25 aud/d (2h). | F9: Duration for CB Quote (Days) | G9: =H8+C12 -> 1
A10: Factor 5 | B10: Interview Duration | C10: =IF('1.Application Form'!C42='Hidden Lists'!F3,(('2.Audit Plan'!B78+'2.Audit Plan'!B82)*0.03),0) -> 0 | D10: In aud/d based on the number of planned interviews that have social topics in certification scope
A11: Factor 9 | B11: Site Proximity Factor | D11: =IFERROR(VLOOKUP(C11,Factors!AP3:AQ6,2,FALSE)," ") | F11: In case the duration was adjusted, please justify:
A12: Factor 10 | B12: Traveling Time | D12: The CB should indicate estimated traveling time from the base of the auditors to the auditing sites. Please consider the overall travel time for all the auditors and not an average time per auditor.
A13: Factor 11 | B13: Duration Correction | D13: The CB can assign extra audit time based on the audit risk analysis and other factors they may find applicable, based on Annex AR4 of the Auditing Rules, for example, for off-site investigations. Also, the CB may deduct time from the duration including negative values as to adjust the audit duration to reality. Duration increases and reductions shall be justified accordingly
A14: Factor 12 | B14: Combined/ integrated audit? | C14: 1 | D14: Please choose, as set in Annex AR10: No combined audit - 1,00 Combined audit with 2 schemes - 1,50 Combined audits with 3+ schemes - 1,75 If the cell is shown in red, please review the information.

Sheet 3.Audit Summary
E1: ='2.Audit Plan'!E1 -> Version 2.1 July 2023
A2: Audit Summary
A3: ='1.Application Form'!A3:K3 -> For Supply Chain Certificate Holders & Applicants Single site and multi-site certification
A4: ='1.Application Form'!A4:K4 -> Sustainable Agriculture Standard 2020
A6: A. Audit Information Confirmation
A7: Please indicate below the following information as related to the finalized audit and further procedures. Aude/d is referring to days of an auditor, which is commonly how audit interventions are dimensioned.
A9: Standard Version
A10: Executed Audit Start Date | D10: Was the audit terminated?
A11: Executed Audit End Date | D11: Termination Date
A12: Executed Audit Duration (in aid/d) | D12: Justification for certification decision or audit termination
A14: Was it an audit combined with other schemes?
A15: What method was used in this audit?
A17: Was there a follow up audit due to NCs?
A18: What type of follow up audit, if any?
A19: How many NCs found?
A20: Executed Follow up Audit Duration (in aid/d)
A21: Follow up audit start date
A22: Follow up audit end date
A23: Final Audit Report is finalized
A24: License Request
A26: Name of assigned Quality Reviewer
A27: Quality Review completion date
... A30: Certification Decision date
B32: Executed Sample | C32: Planned Sample | D32: If executed sample is less than planned, provide explanation
A33: Interviewed Workers | C33: ='2.Audit Plan'!B78 -> 0
A34: Sites | B34: =COUNTA(C39:C348) -> 0 | C34: ='2.Audit Plan'!B76 -> 0
A37: Please indicate below which were the sites that were part of the audit sample for this audit. Do not forget that sample increases need to be justified.
A38: Name | B38: Internal ID Number | C38: Type | D38: Sampling Type | E38: If increase, justification

Sheet 4.Monitoring
G1: ='2.Audit Plan'!E1 -> Version 2.1 July 2023
A2: Process Monitoring
A3: ='1.Application Form'!A3:K3 -> For Supply Chain Certificate Holders & Applicants Single site and multi-site certification
A4: ='1.Application Form'!A4:K4 -> Sustainable Agriculture Standard 2020
A6: A. Audited Sample | E6: B. Timelines
A7: Please see below an overview of the audit sample executed, versus the audit that was planned. In case the sample executed was smaller than planned the cells will color red and the CB should provide justification. | E7: Below you can see the deadline for all time-bound activities in the certification process triggered before the first audit date and after the last audit date. The Quality Review can use this to ensure timelines were complied with.
B8: Executed | C8: Planned | F8: Executed | G8: Deadline | I8: Days
A9: ='3.Audit Summary'!A33 -> Interviewed Workers | B9: ='3.Audit Summary'!B33 -> 0 | C9: ='3.Audit Summary'!C33 -> 0 | E9: Application Approval | F9: ='1.Application Form'!F168 -> 0 | G9: 0 | I9: 0
A10: ='Hidden Lists'!I14 -> Site | B10: =COUNTIF(SampleDisc[#All],'Hidden Lists'!I14) -> 0 | C10: ='2.Audit Plan'!B76 -> 0 | E10: CB Contract Agreement | F10: ='1.Application Form'!F169 -> 0 | G10: =G13-I10 -> #VALUE! | I10: =6*7 -> 42
E11: App. Shared with Audit Team | F11: ='2.Audit Plan'!B18 -> 0 | G11: =G13-I11 -> #VALUE! | I11: =2*7 -> 14
E12: Audit Plan sent to CH | F12: ='2.Audit Plan'!B23 -> 0 | G12: =G13-I12 -> #VALUE! | I12: =2*7 -> 14
E13: First Audit Date | F13: ='3.Audit Summary'!B10 -> 0 | G13: ='1.Application Form'!H50-'2b.Duration'!G8 -> #VALUE! | I13: 0
E14: Last Audit Date | F14: ='3.Audit Summary'!B11 -> 0 | G14: ='1.Application Form'!H50 | I14: 0
A15: NCs Found in audit | B15: ='3.Audit Summary'!B19 -> 0 | E15: NC Resolution Window | F15: ='3.Audit Summary'!B22 -> 0 | G15: =F14+I15 -> 0 | I15: =IF($B$15=0,0,10*7) -> 0
E16: Final Audit Report is finalized | F16: ='3.Audit Summary'!B23 -> 0 | G16: =G17 -> 28 | I16: 0
E17: Certification Decision | F17: ='3.Audit Summary'!B30 -> 0 | G17: =I17+G15 -> 28 | I17: =IF($B$15=0,4*7,2*7) -> 28
E18: License Request | F18: ='3.Audit Summary'!B24 -> 0 | G18: =I18+G17 -> 35 | I18: =7*1 -> 7

Sheet Hidden Lists
A1: Note for translator: This tab should be translated, otherwise the dropdown menus will not work
A2: Country List | C2: Types of Requirements | F2: Y/N List | I2: Lawsuit | K2: Auditor list | M2: Interview Type | P2: Cert. Options | Q2: Description | S2: Messages | U2: GPF
A3: Afghanistan | C3: Core Requirements | F3: Yes | I3: C | K3: ='2.Audit Plan'!B37 -> 0 | M3: Individual | P3: Single Farm | Q3: A single farm that owns or manages one farm with an independent organizational structure, whereby central management and all activities take place at a single physical location. | R3: x | S3: Please review the start and end dates of the audit. Based on the inserted dates and number of the auditors, the interval may not be enough. | T3: x | U3: Sites are in very close proximity and it is easy to visit more than 6 sites per auditor within 8 hours, including time for traveling between 6 sites in any 2 selected sub-groups/villages
A4: Albania | C4: Mandatory Improvements | F4: No | I4: NC | K4: ='2.Audit Plan'!B41 -> 0 | M4: Group | P4: Multi Farm | Q4: Two or more farms owned or rented by one entity whose operations and farming practices are managed centrally, regardless of certification. | R4: x | U4: Sites are in reachable distances and it is reasonable to visit up to 5 sites within 8 hours, including time for traveling between 5 sites in any 2 selected sub-groups/villages
A5: Algeria | C5: Self-Selected Improvements | I5: NA | K5: ='2.Audit Plan'!B45 -> 0 | P5: Group of Farms | Q5: A group of organized farms (group members) that implements a common management system, organized as an association or cooperative or managed by a farm or other supply chain actor such as an exporter or another entity. | R5: x | S5: Worker Concar | U5: Sites are distant from each other and it is reasonable to visit up to 4 sites within 8 hours, including time for traveling between 4 sites in any 2 selected sub-groups/villages
A6: Andorra | C6: Mandatory Smart Meters | F6: Scopes | K6: ='2.Audit Plan'!B49 -> 0 | P6: Single Site | Q6: An individual organization that does not have farming in the scope of its Rainforest Alliance certification, whereby central management and all activities take place at a single physical location | R6: x | S6: being | U6: Sites are quite distant from each other and it is reasonable to visit up to 3 sites within 8 hours, including time for traveling between 3 sites in any 2 selected sub-groups/villages
A7: Angola | C7: Self-Selected Smart Meters | F7: Farm | I7: Checklist | K7: ='2.Audit Plan'!B53 -> 0 | P7: Multi Site | Q7: An organization that does not have farming in the scope of its Rainforest Alliance certification and has an identified central location under which two or more sites are operating. | R7: x | S7: and
A8: Antigua and Barbuda | F8: SupplyChain | I8: Comply | K8: ='2.Audit Plan'!B57 -> 0 | S8: worker(s) | U8: Social Info
A9: Argentina | C9: Types of Audits | I9: Non-conformity | S9: workers | U9: This section applies to you if social requirements are applicable to your scope (cell C42). Indicate below the required information per site that you wish to include in the certification scope. Please include only workers directly involved or related with the handling of certified product, not including high management level or other unrelated positions. Bear in mind that all sites need to be included in your certification scope to be shown on the certificate. | V9: x
A10: Armenia | C10: Transition | F10: Sent List | I10: Not Applicable | K10: Risk Levels | P10: Types of Auditors | Q10: Description | R10: x | U10: Please do not fill in this section as social requirements of the chapter 5 are not applicable to you (cell C42). | V10: x
A11: Australia | C11: Certification | F11: Sent | K11: High | P11: Lead Auditor | Q11: Responsible for leading and organizing the audit team; ensures the complete and proper execution of the audit; adjusts the audit plan upon communication to the client; prepares the audit report. | R11: x
A12: Austria | C12: Surveillance | F12: Not sent | I12: Sample Types | K12: Medium | P12: Lead Auditor for Social Topics | Q12: Responsible for leading and organizing the social requirements investigation during audits and to apply the extra audit requirements for medium/high risk contexts as per RA social Risk Maps. | R12: x | U12: Please indicate below the responsible persons or committee members for the Grievance mechanism, Gender, and Assess and Address committees, and labor unions. | V12: x
A13: Azerbaijan | C13: Follow up | I13: Farm | K13: Low | P13: Support Auditor | Q13: Supports the lead auditor with specific tasks to ensure the complete and proper execution of the audit. Prepares specific input for the audit report. | R13: x
A14: The Bahamas | C14: Surprise | F14: Lawsuit | I14: Site | K14: Not Applicable | P14: Trainee Auditor | Q14: Performs tasks on verification under the supervision of an auditor or the lead auditor at all times. | R14: x
A15: Bahrain | C15: Investigation | F15: Open | I15: Subcontractor | P15: Technical Expert | Q15: Supports in employing specific audit methods for gathering evidence in a given topic identified as high/medium risk for the audit context. | R15: x
A16: Bangladesh | C16: Extension | F16: Closed | I16: Service Provider | P16: Interpreter | Q16: Supports the audit team by literally translating statements of interviews and shall not influence on (non)conformity assessment. | R16: x
A17: Barbados | C17: Shadow | F17: Secrecy | I17: Labor Provider | K17: Standard | P17: Observer | Q17: Observes the audit process with no influence for learning or institutional reasons but also for monitoring and assessment of auditors. | R17: x
A18: Belarus | C18: Review | I18: Other | K18: v.1.1 | P18: Guidance on Worker Types | Q18: Unionized and Migrant workers are not exclusive categories, meaning that temporary and permanent workers can be migrant and unionized as well. The indication of these field is limited to the fact that the lead auditor needs to make sure that part of the sampled workers in the temporary/permanent categories also cover the number of unionized/migrant workers indicated here. | R18: x
A19: Belgium | F19: Gender | G19: Gender | K19: v.1.2
A20: Belize | C20: Version Concat | F20: (M) | G20: Male | K20: v.1.3
A21: Benin | C21: Version | F21: (F) | G21: Female | I21: Sample Size
A22: Bhutan | C22: 2.1 July 2023 | I22: Originally Planned | K22: Audit Cicles
A23: Bolivia | F23: Site Types | I23: Increased | K23: 1st Transition
A24: Bosnia and Herzegovina | F24: Farm | K24: 2nd Transition
A25: Botswana | C25: Validation Combined Audit | F25: Site | I25: Traceability Level | K25: 1
A26: Brazil | C26: =IF('2.Audit Plan'!E28='Hidden Lists'!F3,1,0) -> 0 | I26: Identity Preserved | K26: 2
A27: Brunei | C27: ='2b.Duration'!C14 -> 1 | F27: Status | I27: MixedIP | K27: 3
A28: Bulgaria | C28: Wrong | F28: Approved | I28: Segregation | K28: 4
A29: Burkina Faso | C29: Correct | F29: Rejected | I29: Mass Balance | K29: 5
A30: Burundi | C30: =IF(AND(C26=1,C27<1.1),C28,C29) -> Correct | K30: 6
A31: Cambodia | F31: Cert. Decision | I31: External Actors | K31: 7
A32: Cameroon | C32: Follow up audit validation | F32: Certification | I32: Subcontractor | K32: 8
A33: Canada | C33: On site | F33: Non-certification | I33: Intermediary | K33: 9
A34: Cape Verde | C34: Partially remote | F34: Suspension | I34: Service Provider | K34: 10
A35: Central African Republic | C35: Remote | F35: Cancelation | I35: Labor Provider | K35: 11
A36: Chad | C36: =IF('3.Audit Summary'!B17='Hidden Lists'!F3,1,0) -> 0 | K36: 12
A37: Chile | C37: =COUNTA('3.Audit Summary'!B21:B22) -> 0 | I37: Site Type
A38: China | C38: =IF(AND(C36=1,C37<2),C28,C29) -> Correct | I38: Site
A39: Colombia | I39: Subcontractor
A40: Comoros | C40: Termination Validation
A41: Congo, Republic of the | C41: =IF('3.Audit Summary'!E10='Hidden Lists'!F3,1,0) -> 0
A42: Congo, Democratic Republic of the | C42: =COUNTA('3.Audit Summary'!E11) -> 0
A43: Costa Rica | C43: =IF(AND(C41=1,C42<1),C28,C29) -> Correct
A44: Cote d'Ivoire
A45: Croatia
A46: Cuba
A47: Cyprus
A48: Czech Republic
A49: Denmark
A50: Djibouti
A51: Dominica
A52: Dominican Republic
A53: East Timor (Timor-Leste)
A54: Ecuador
A55: Egypt
... A198: Zimbabwe

Sheet Crop List
A1: ='Hidden Lists'!A1 -> Note for translator: This tab should be translated, otherwise the dropdown menus will not work
A2: Certification scope | B2: Category | C2: Crop name final | E2: Category List | G2: Important instructions!
A3: RA | B3: Cocoa | C3: Cocoa | E3: Cocoa | G3: After translations/updates ensure the following:
A4: RA | B4: Coffee | C4: Coffee Arabica | E4: Coffee | G4: 1) Sort the crop list per category (B2) from A to Z
A5: RA | B5: Coffee | C5: Coffee Robusta | E5: Flower | G5: 2) Open the Name Manager. You will see the same entries as the category list (E2) as names.
A6: RA | B6: Flower | C6: Ferns | E6: Fruit | G6: 3) Open each name and align it with the translated/updated list. This means that you need to reselect all crop names (column C) and link it to the corresponding category.
A7: RA | B7: Flower | C7: Leather leaf fern | E7: Herbs | G7: No other changes are needed!
A8: RA | B8: Flower | C8: Other ornamental plants | E8: Nuts
A9: RA | B9: Flower | C9: Palm leaves | E9: Tea
A10: RA | B10: Flower | C10: Psyllium | E10: Vegetable
A11: RA | B11: Flower | C11: Rose
A12: RA | B12: Flower | C12: Sunflower
A13: RA | B13: Flower | C13: Various Foliage
A14: RA | B14: Fruit | C14: Açaí
A15: UEBT/RA | B15: Fruit | C15: Apple blossoms
A16: RA | B16: Fruit | C16: Apple fruit
A17: UEBT/RA | B17: Fruit | C17: Apple leaves
A18: UEBT/RA | B18: Fruit | C18: Apricot blossoms
A19: RA | B19: Fruit | C19: Apricot fruit
A20: UEBT/RA | B20: Fruit | C20: Apricot leaves
A21: RA | B21: Fruit | C21: Avocado
A22: RA | B22: Fruit | C22: Banana
... A368: RA | B368: Vegetable | C368: Yam

Sheet Factors
A1: Note for translator: No need to translate this tab | Z1: Combined audit | AE1: Interviews
B2: Sample factors | O2: Number of workers involved in the CH | P2: Lower border of category (min workers) | Q2: Minimum number of interviews | R2: Minimum number of individual interviews | S2: Maximum number of group interviews - Description | T2: Maximum number of group interviews (Group/Components) | U2: Minimum number of worker files to be checked | AA2: 1 | AE2: Individual Interview | AF2: 0.25 | AG2: h | AP2: GPF
B3: Item | C3: Sample for Audit Calculation | D3: Formula for Audit Sample | E3: Totals from Application Form | F3: Min. Sample | G3: Sample for SC | H3: Note | I3: Clause | O3: 1 to 5 | P3: 1 | Q3: ='1.Application Form'!D141+'1.Application Form'!D142 -> 0 | S3: 0 | T3: 0 | AA3: 1.5 | AE3: Group Interview | AF3: 0.5 | AG3: h | AP3: 1 | AQ3: ='Hidden Lists'!U3 -> Sites are in very close proximity and it is easy to visit more than 6 sites per auditor within 8 hours, including time for traveling between 6 sites in any 2 selected sub-groups/villages
B4: Processing Sites | C4: =IF(D4<F4,SMALL(E4:F4,1),ROUNDUP(D4,0)) -> 0 | D4: =SQRT(E4) -> 0 | E4: ='1.Application Form'!E41 -> 0 | F4: 1 | G4: √ | H4: Square root of total | I4: 2.4.16.b | O4: 6 to 10 | P4: 6 | Q4: 6 | R4: 6 | S4: 0 | T4: 0 | U4: 6 | AA4: 1.75 | AP4: 1.1 | AQ4: ='Hidden Lists'!U4 -> Sites are in reachable distances and it is reasonable to visit up to 5 sites within 8 hours, including time for traveling between 5 sites in any 2 selected sub-groups/villages
O5: 11 to 50 | P5: 11 | Q5: 9 | R5: 6 | S5: 1 group of 3 | T5: 1 | U5: 9 | AP5: 1.2 | AQ5: ='Hidden Lists'!U5 -> Sites are distant from each other and it is reasonable to visit up to 4 sites within 8 hours, including time for traveling between 4 sites in any 2 selected sub-groups/villages
O6: 51 to 100 | P6: 51 | Q6: 15 | R6: 7 | S6: 1 group of 3 1 group of 5 | T6: 2 | U6: 12 | AP6: 1.3 | AQ6: ='Hidden Lists'!U6 -> Sites are quite distant from each other and it is reasonable to visit up to 3 sites within 8 hours, including time for traveling between 3 sites in any 2 selected sub-groups/villages
O7: 101 to 250 | P7: 101 | Q7: 20 | R7: 10 | S7: 2 groups of 5 | T7: 2 | U7: 15
O8: 251 to 500 | P8: 251 | Q8: 32 | R8: 12 | S8: 2 groups of 3 1 group of 4 2 groups of 5 | T8: 5 | U8: 18 | AO8: Risk
O9: 501 to 1500 | P9: 501 | Q9: 40 | R9: 15 | S9: 2 group of 3 1 group of 4 3 groups of 5 | T9: 6 | U9: 20 | AO9: A | AP9: 0.9 | AQ9: Very Low-Risk Category (A)
O10: 1501 to 4000 | P10: 1501 | Q10: 50 | R10: 18 | S10: 1 group of 3 1 group of 4 5 groups of 5 | T10: 7 | U10: 25 | AO10: B | AP10: 1 | AQ10: Low Risk Category (B)
F11: Values in Red, Modfied due to the Provisional Policy | O11: > 4001 | P11: 4001 | Q11: 65 | R11: 25 | S11: 8 groups of 5 | T11: 8 | U11: 30 | AO11: C | AP11: 1.1 | AQ11: Medium Risk Category (C)
AO12: D | AP12: 1.15 | AQ12: High Risk Category (D)
AO13: E | AP13: 1.2 | AQ13: Very High-Risk Category (E)
O14: Audit Date Trigger Factor | S14: Worker Calculation Concat | V14: Min. Number Interviews | X14: ='2.Audit Plan'!B78 -> 0
O15: Initial Date | Q15: =('2.Audit Plan'!B70-'2.Audit Plan'!B69)+1 -> 1 | S15: < 18 years | T15: Male | U15: Female | V15: Total | W15: General | X15: % Male | Y15: %Female
O16: Audit Date | Q16: =ROUNDUP('2.Audit Plan'!E67,0) -> 1 | S16: Permanent | T16: =SUM(FarmIDWorkers[[#Totals],[Permanent Male Workers]]) -> 0 | U16: =FarmIDWorkers[[#Totals],[Permanent Female Workers]] -> 0 | V16: =SUM(T16:U16) -> 0 | W16: =(SUM(T16:U16)/(SUM($T$19:$U$19))) -> #DIV/0! | X16: =T16/(T16+U16) -> #DIV/0! | Y16: =U16/(T16+U16) -> #DIV/0!
Q17: x | S17: Temporary | T17: =FarmIDWorkers[[#Totals],[Temporary Male Workers]] -> 0 | U17: =FarmIDWorkers[[#Totals],[Temporary Female Workers]] -> 0 | V17: =SUM(T17:U17) -> 0 | W17: =(SUM(T17:U17)/(SUM($T$19:$U$19))) -> #DIV/0! | X17: =T17/(T17+U17) -> #DIV/0! | Y17: =U17/(T17+U17) -> #DIV/0!
S19: Totals | T19: =SUM(T16:T18) -> 0 | U19: =SUM(U16:U18) -> 0 | V19: =SUM(T19:U19) -> 0
O20: Transition Audit Trigger
O21: Audit Type | Q21: =IF('1.Application Form'!D36='Hidden Lists'!C10,1,0) -> 0 | S21: Calculation on proportion of interviews
O22: Filling in | Q22: =IF('1.Application Form'!D47>0,0,1) -> 1 | T22: Total | U22: Male | V22: Female
O23: total | Q23: =Q21+Q22 -> 1 | S23: Permanent proportion | T23: =($X$14*W16) -> #DIV/0! | U23: =T23*X16 -> #DIV/0! | V23: =T23*Y16 -> #DIV/0!
S24: Temporary proportion | T24: =($X$14*W17) -> #DIV/0! | U24: =T24*X17 -> #DIV/0! | V24: =T24*Y17 -> #DIV/0!
S25: Totals
S28: Calculation on proportion of interviews - Rounding
T29: Total | U29: Male | V29: Female
S30: Permanent proportion | T30: =_xlfn.FLOOR.MATH(T23,1) -> #DIV/0! | U30: =_xlfn.FLOOR.MATH(U23,1) -> #DIV/0! | V30: =_xlfn.FLOOR.MATH(V23,1) -> #DIV/0!
S31: Temporary proportion | T31: =_xlfn.FLOOR.MATH(T24,1) -> #DIV/0! | U31: =_xlfn.FLOOR.MATH(U24,1) -> #DIV/0! | V31: =_xlfn.FLOOR.MATH(V24,1) -> #DIV/0!
S32: Totals
S34: Calculation on proportion of interviews - Corrections
T35: Total | U35: Male | V35: Female
S36: Permanent proportion | T36: =T23-T30 -> #DIV/0! | U36: =U23-U30 -> #DIV/0! | V36: =V23-V30 -> #DIV/0!
S37: Temporary proportion | T37: =T24-T31 -> #DIV/0! | U37: =U24-U31 -> #DIV/0! | V37: =V24-V31 -> #DIV/0!
S38: Totals | T38: =T25-T32 -> 0 | U38: =U25-U32 -> 0 | V38: =V25-V32 -> 0
S40: Calculation on proportion of interviews - Formulas
T41: Total | U41: Male | V41: Female
S42: Permanent proportion | T42: =IF(T36<0.49,ROUNDDOWN(T23,0),ROUNDUP(T23,0)) -> #DIV/0! | U42: =IF(U36<0.49,ROUNDDOWN(U23,0),ROUNDUP(U23,0)) -> #DIV/0! | V42: =IF(V36<0.49,ROUNDDOWN(V23,0),ROUNDUP(V23,0)) -> #DIV/0!
S43: Temporary proportion | T43: =IF(T37<0.49,ROUNDDOWN(T24,0),ROUNDUP(T24,0)) -> #DIV/0! | U43: =IF(U37<0.49,ROUNDDOWN(U24,0),ROUNDUP(U24,0)) -> #DIV/0! | V43: =IF(V37<0.49,ROUNDDOWN(V24,0),ROUNDUP(V24,0)) -> #DIV/0!
S44: Totals
